 Dungeon Crawl Stone Soup version 0.23.0-3-gf3c87f2 (webtiles) character file.

Game seed: 6479149836452348438

31278 melvinkitnick the Severer (level 13, -4/123 HPs)
             Began as a Deep Dwarf Fighter on Feb 24, 2019.
             Was a High Priest of Makhleb.
             Slain by an iron troll simulacrum (41 damage)
             ... animated by a necromancer
             ... on level 14 of the Dungeon.
             The game lasted 00:32:59 (10150 turns).

melvinkitnick the Severer (Deep Dwarf Fighter)     Turns: 10150, Time: 00:32:59

Health: -4/123     AC: 21    Str: 23    XL:     13   Next: 25%
Magic:  14/14      EV: 13    Int: 11    God:    Makhleb [*****.]
Gold:   865        SH:  9    Dex: 12    Spells: 12/12 levels left

rFire    + . .     SeeInvis .   a - +2 war axe (chop)
rCold    . . .     Gourm    .   c - +0 shield
rNeg     . . .     Faith    .   o - +0 plate armour
rPois    .         Spirit   .   (no helmet)
rElec    .         Reflect  .   r - +1 cloak
rCorr    .         Harm     .   (no gloves)
MR       ++...                  E - +2 pair of boots of Boiling Hail {rF+}
Stlth    ..........             q - amulet of rage
HPRegen  0.00/turn              z - ring of Phasing {EV+8}
MPRegen  0.14/turn              M - ring of protection from magic

@: non-regenerating, slowed, studying Slings, very slow
A: damage resistance, heal wounds, sense surroundings 2, no regeneration
a: Heal Wounds, Minor Destruction, Lesser Servant of Makhleb, Major Destruction,
Greater Servant of Makhleb, Renounce Religion, Evoke Berserk Rage


You were on level 14 of the Dungeon.
You worshipped Makhleb.
Makhleb was extremely pleased with you.
You were not hungry.

You visited 2 branches of the dungeon, and saw 15 of its levels.

You collected 865 gold pieces.

Inventory:

Hand Weapons
 a - a +2 war axe of chopping (weapon)
 H - a +3 fustibalus of flaming
 I - the +8 mace of the Maze {drain, Str+6}
   (You found it on level 13 of the Dungeon)

   A truly terrible weapon, it drains the life of those it strikes.
   It affects your strength (+6).
 K - a +5 battleaxe
Missiles
 B - a throwing net (quivered)
Armour
 c - a +0 shield (worn)
 o - a +0 plate armour (worn)
 r - a +1 cloak (worn)
 E - the +2 pair of boots of Boiling Hail (worn) {rF+}
   (You found it on level 11 of the Dungeon)

   It protects you from fire.
Jewellery
 q - an amulet of rage (around neck)
 t - an uncursed ring of ice
 x - an uncursed ring of protection from cold
 z - the ring of Phasing (left hand) {EV+8}
   (You found it on level 9 of the Dungeon)

   [ring of evasion]

   It affects your evasion (+8).
 A - an uncursed ring of flight
 M - a ring of protection from magic (right hand)
Wands
 g - a wand of polymorph (8)
 i - a wand of disintegration (24)
 l - a wand of flame (10)
 v - a wand of random effects (16)
 D - a wand of enslavement (8)
Scrolls
 b - 4 scrolls of blinking
 e - 7 scrolls of teleportation
 m - a scroll of magic mapping
 y - 5 scrolls of remove curse
 L - a scroll of enchant weapon
Potions
 d - 4 potions of might
 h - 4 potions of curing
 j - 5 potions of lignification
 k - 2 potions of flight
 n - 2 potions of haste
 p - a potion of mutation
 s - 3 potions of agility
 u - a potion of ambrosia
 w - a potion of invisibility
 F - a potion of heal wounds
Books
 G - a manual of Slings
Miscellaneous
 C - a lamp of fire
Comestibles
 f - 29 rations
 N - 7 chunks of flesh


   Skills:
 + Level 9.9 Fighting
 - Level 16.0 Axes
 + Level 11.7 Armour
 - Level 3.2 Shields
 - Level 8.0 Invocations
 - Level 8.0 Evocations


You had 12 spell levels left.
You didn't know any spells.
Your spell library contained the following spells:

 Spells                   Type           Power        Failure   Level  Hunger
 Animate Skeleton         Necr           N/A          100%        1    ##.....
 Apportation              Tloc           #.....       100%        1    ##.....
 Confusing Touch          Hex            #.....       100%        1    ##.....
 Infusion                 Chrm           #...         100%        1    ##.....
 Magic Dart               Conj           #...         100%        1    ##.....
 Summon Small Mammal      Summ           #...         100%        1    ##.....
 Blink                    Tloc           N/A          100%        2    ###....
 Call Imp                 Summ           #.......     100%        2    ###....
 Corpse Rot               Necr           N/A          100%        2    ###....
 Shroud of Golubria       Chrm/Tloc      #.........   100%        2    ###....
 Slow                     Hex            #.......     100%        2    ###....
 Song of Slaying          Chrm           #.......     100%        2    ###....
 Sublimation of Blood     Necr           #.........   100%        2    ###....
 Conjure Flame            Conj/Fire      #.......     100%        3    ####...
 Mephitic Cloud           Conj/Pois/Air  #.......     100%        3    ####...
 Spectral Weapon          Hex/Chrm       #.......     100%        3    ####...
 Agony                    Necr           #.......     100%        5    ######.
 Bolt of Draining         Conj/Necr      #.........   100%        5    ######.
 Dispel Undead            Necr           #.......     100%        5    ######.
 Excruciating Wounds      Chrm/Necr      #.........   100%        5    ######.
 Regeneration             Chrm/Necr      Unusable     N/A         3    N/A

Dungeon Overview and Level Annotations

Branches:
Dungeon (14/15)            Temple (1/1) D:5            Lair (0/6) D:11
    Orc (0/2) D:10
 Vaults: D:13-14

Altars:
Ashenzari
Cheibriados
Dithmenos
Elyvilon
Fedhas
Gozag
Hepliaklqana
Kikubaaqudgha
Makhleb
Nemelex Xobeh
Okawaru
Qazlal
Ru
Sif Muna
Trog
Uskayaw
Vehumet
Wu Jian
Xom
Yredelemnul
Zin
The Shining One


Innate Abilities, Weirdness & Mutations

You are resistant to damage.
You can heal yourself by infusing magical energy.
You passively map the area around you.
You do not regenerate.


Message History

You hit the iron troll simulacrum but do no damage.
The freezing wraith hits you! The freezing wraith freezes you!!
The freezing wraith hits you but does no damage.
You hit the freezing wraith but do no damage.
You slash the iron troll simulacrum!
The freezing wraith hits you but does no damage.
The freezing wraith hits you.
The iron troll simulacrum bites you but does no damage.
The iron troll simulacrum claws you. The iron troll simulacrum freezes you!!
* * * LOW HITPOINT WARNING * * *
The iron troll simulacrum barely misses you.
You feel much better.
A necromancer appears from thin air!
Reactivating autopickup.
You block the freezing wraith's attack. x2
The iron troll simulacrum bites you. The iron troll simulacrum freezes you!!
* * * LOW HITPOINT WARNING * * *
The iron troll simulacrum claws you!
* * * LOW HITPOINT WARNING * * *
The iron troll simulacrum freezes you!!!
You die...

##..........########............
##.............................
#.........#####...##..########
#.........#...........# #
#.........#..#######..# #
#.........#..# #..# #
####.........#..# ,#..# #
#............#.Z#####.#..# #
..##.#####...#..@Wp...#..# #
........##...##########..########
..#####.##.......................
..#...#..#.......................
#.+.8.'....................####..
#.#...#.##............#'####..+..
#.#####.##............#.......#..
#.......##............#.......#..
#.##.#####..###########.......#..


You could see a freezing wraith, a necromancer and an iron troll simulacrum.

Vanquished Creatures
  A fire dragon (D:14)
  Josephine (D:14)
  Erica (D:8)
  A centaur warrior (D:13)
  A rakshasa (D:14)
  2 two-headed ogres
  A deep troll earth mage (D:11)
  Urug (D:13)
  An iron troll (D:14)
  2 skeletal warriors
  An unseen horror (D:13)
  A deep elf archer (D:14)
  2 deep elf magi (D:13)
  A manticore (D:11)
  10 ugly things
  3 cyclopes
  A centaur zombie (D:13)
  4 centaur skeletons
  3 freezing wraiths
  2 efreet
  A polar bear (shapeshifter) (D:13)
  A harpy zombie (D:14)
  A merfolk (D:9)
  A tengu conjurer (D:13)
  8 trolls
  A hornet (D:10)
  3 hippogriffs
  A meliai zombie (D:13)
  A slime creature (D:14)
  2 shadows
  A water elemental (D:14)
  A vampire (D:11)
  5 wraiths (D:14)
  6 yaks (D:11)
  2 basilisks
  2 hungry ghosts
  Grum (D:8)
  5 vampire mosquitoes
  A steam dragon (D:8)
  An acid dragon (D:13)
  5 water moccasins
  2 porcupines (D:11)
  4 orc warriors (D:10)
  A sky beast (D:7)
  2 necrophages
  2 eyes of draining
  5 ice beasts
  4 black bears
  5 ogres
  2 wolves (D:8)
  8 centaurs
  3 crocodiles
  3 big kobolds
  7 bullfrogs
  A wyvern zombie (D:9)
  4 scorpions
  5 wights (D:13)
  4 howler monkeys (D:13)
  2 electric eels (D:14)
  3 crimson imps
  2 bullfrog zombies
  2 quasits
  4 hounds
  3 bullfrog skeletons
  4 jellies
  7 orc priests
  2 iguanas (D:9)
  9 orc wizards
  17 worker ants
  2 hound skeletons
  A worker ant zombie (D:10)
  11 gnolls
  7 adders
  A shadow imp (D:10)
  2 adder zombies (D:5)
  An adder skeleton (D:8)
  3 dart slugs
  5 worms
  A leopard gecko (D:3)
  33 orcs
  3 ball pythons
  11 bats
  4 giant cockroaches
  8 goblins
  8 hobgoblins
  8 jackals
  A quokka (D:4)
  3 frilled lizards
  A jackal zombie (D:7)
  18 kobolds
  A leopard gecko skeleton (D:7)
  A quokka zombie (D:5)
  4 rats
  A fungus (D:11)
  28 plants
374 creatures vanquished.

Vanquished Creatures (others)
  A wolf (D:8)
  22 fungi (D:11)
  12 plants
35 creatures vanquished.

Grand Total: 409 creatures vanquished

Notes
Turn   | Place    | Note
-------+----------+-------------------------------------------
     0 | D:1      | melvinkitnick the Deep Dwarf Fighter began the quest for
                  | the Orb.
     0 | D:1      | Reached XP level 1. HP: 20/20 MP: 1/1
   152 | D:1      | Reached skill level 3 in Axes
   152 | D:1      | Reached XP level 2. HP: 17/27 MP: 2/2
   463 | D:1      | Reached XP level 3. HP: 33/33 MP: 3/3
   481 | D:1      | Reached skill level 4 in Axes
   792 | D:2      | Found a glowing golden altar of the Shining One.
   843 | D:2      | Reached XP level 4. HP: 29/40 MP: 4/4
   846 | D:2      | Reached skill level 5 in Axes
  1260 | D:3      | Reached XP level 5. HP: 37/46 MP: 4/4
  1319 | D:3      | Reached skill level 6 in Axes
  1735 | D:4      | Reached skill level 7 in Axes
  1735 | D:4      | Reached XP level 6. HP: 36/55 MP: 4/4
  2288 | D:5      | Entered Level 5 of the Dungeon
  2316 | D:5      | Reached skill level 8 in Axes
  2383 | D:5      | Reached XP level 7. HP: 55/61 MP: 5/5
  2466 | D:5      | Reached skill level 9 in Axes
  2481 | D:5      | Found a staircase to the Ecumenical Temple.
  2490 | Temple   | Entered the Ecumenical Temple
  2905 | D:5      | Found a deep blue altar of Sif Muna.
  3048 | D:6      | Reached skill level 10 in Axes
  3247 | D:6      | Found a bloodstained altar of Trog.
  3301 | D:7      | Reached XP level 8. HP: 54/68 MP: 6/6
  3428 | D:7      | Reached skill level 11 in Axes
  3672 | D:7      | Reached skill level 12 in Axes
  4106 | D:8      | Found an opulent altar of Gozag.
  4109 | D:8      | Gained mutation: You passively map the area around you.
                  | [Deep Dwarf growth]
  4109 | D:8      | Reached XP level 9. HP: 53/75 MP: 7/7
  4178 | D:8      | Found a hazy altar of Hepliaklqana.
  4193 | D:8      | Found a stormy altar of Qazlal.
  4196 | D:8      | Found a radiant altar of Vehumet.
  4198 | D:8      | Found a burning altar of Makhleb.
  4216 | D:8      | Became a worshipper of Makhleb the Destroyer
  4307 | D:8      | Noticed Grum
  4309 | D:8      | Noticed Erica
  4363 | D:8      | Killed Erica
  4363 | D:8      | Reached skill level 13 in Axes
  4363 | D:8      | Reached skill level 5 in Armour
  4363 | D:8      | Killed Grum
  4595 | D:9      | Found the ring of Phasing {EV+8}
  5032 | D:9      | Noticed a merfolk
  5043 | D:9      | Killed a merfolk
  5043 | D:9      | Reached XP level 10. HP: 36/87 MP: 11/11
  5364 | D:10     | Entered Level 10 of the Dungeon
  5378 | D:10     | Reached * piety under Makhleb
  5406 | D:10     | Reached skill level 5 in Fighting
  5512 | D:10     | Paralysed by a hornet for 2 turns
  5517 | D:10     | Reached skill level 5 in Invocations
  5752 | D:10     | Reached ** piety under Makhleb
  5752 | D:10     | Reached skill level 14 in Axes
  6088 | D:10     | Found a staircase to the Orcish Mines.
  6138 | D:11     | Noticed a green ugly thing
  6154 | D:11     | Killed a green ugly thing
  6254 | D:11     | Noticed a two-headed ogre
  6267 | D:11     | Killed a two-headed ogre
  6356 | D:11     | Noticed a manticore
  6372 | D:11     | Killed a manticore
  6372 | D:11     | Reached XP level 11. HP: 79/97 MP: 12/14
  6382 | D:11     | Found a staircase to the Lair.
  6536 | D:11     | Noticed a white ugly thing
  6537 | D:11     | Got a pair of warped boots
  6552 | D:11     | Identified the +2 pair of boots of Boiling Hail {rF+} (You
                  | found it on level 11 of the Dungeon)
  6564 | D:11     | Killed a white ugly thing
  6564 | D:11     | Reached *** piety under Makhleb
  6564 | D:11     | Reached skill level 15 in Axes
  6711 | D:11     | Noticed a deep troll earth mage
  6720 | D:11     | Killed a deep troll earth mage
  6751 | D:11     | Noticed a skeletal warrior
  6777 | D:11     | Killed a skeletal warrior
  7870 | D:13     | Noticed a two-headed ogre
  7879 | D:13     | Killed a two-headed ogre
  7924 | D:13     | Noticed a deep elf mage
  7924 | D:13     | Noticed a green ugly thing
  7927 | D:13     | Noticed Urug
  7947 | D:13     | Killed a green ugly thing
  7959 | D:13     | Killed a deep elf mage
  7959 | D:13     | Reached XP level 12. HP: 109/109 MP: 16/16
  7965 | D:13     | Killed Urug
  7965 | D:13     | Reached skill level 16 in Axes
  8015 | D:13     | Noticed a centaur warrior
  8026 | D:13     | Killed a centaur warrior
  8026 | D:13     | Reached skill level 1 in Evocations
  8099 | D:13     | Reached **** piety under Makhleb
  8392 | D:13     | Reached skill level 10 in Armour
  8407 | D:13     | Reached skill level 5 in Evocations
  8609 | D:13     | Got a twisted mace
  9299 | D:14     | Noticed a fire dragon
  9475 | D:14     | Noticed a rakshasa
  9499 | D:14     | Killed a rakshasa
  9581 | D:14     | Reached XP level 13. HP: 76/121 MP: 17/17
  9683 | D:14     | Identified the +8 mace of the Maze {drain, Str+6} (You
                  | found it on level 13 of the Dungeon)
  9761 | D:14     | Found a sacrificial altar of Ru.
  9858 | D:14     | Noticed Josephine
  9875 | D:14     | Killed Josephine
  9875 | D:14     | Reached ***** piety under Makhleb
  9934 | D:14     | Killed a fire dragon
 10150 | D:14     | Slain by an iron troll simulacrum

Skill      XL: |  1  2  3  4  5  6  7  8  9 10 11 12 13 |
---------------+----------------------------------------+-----
Axes           | 3 4 5 7 8 10 12 13 14 15 16 | 16.0
Fighting       | 3 4 6 7 9 |  9.9
Armour         | 5 7 9 11 | 11.7
Invocations    | 4 6 8 |  8.0
Evocations     | 7 8 |  8.0
Shields        | |  3.2

Action                   |  1- 3 |  4- 6 |  7- 9 | 10-12 | 13-15 || total
-------------------------+-------+-------+-------+-------+-------++-------
Melee: War axe           |    96 |   168 |   285 |   970 |   137 ||  1656
 Abil: Heal Wounds       |     1 |     7 |    13 |     8 |     8 ||    37
Evoke: Wand              |       |       |     8 |    10 |     3 ||    21
       Phantom mirror    |       |       |       |     1 |     1 ||     2
  Use: Scroll            |       |    12 |     9 |     4 |     1 ||    26
 Stab: Confused          |       |       |       |     1 |       ||     1
  Eat: Chunk             |       |     5 |     6 |    17 |       ||    28
       Ration            |       |       |     1 |       |     1 ||     2
Armor: Scale mail        |    37 |    93 |    14 |       |       ||   144
       Plate armour      |       |       |   140 |   327 |    44 ||   511
Dodge: Dodged            |    31 |    98 |    46 |   290 |    55 ||   520
Block: Shield            |    46 |   121 |   122 |   336 |    51 ||   676
